 Dungeon Crawl Stone Soup version 0.30-a0-305-g026cb31310 (webtiles) character file.

Game seed: 4596022718871808062

147 tharic99 the Shield-Bearer (level 5, 0/53 HPs)
             Began as a Troll Fighter on Oct 21, 2022.
             Slain by Sigmund
             ... wielding a +0 scythe
              (3 damage)
             ... on level 2 of the Dungeon.
             The game lasted 00:20:30 (1568 turns).

tharic99 the Shield-Bearer (Troll Fighter)          Turns: 1568, Time: 00:20:31

Health: 0/53       AC:  4    Str: 30    XL:     5   Next: 7%
Magic:  13/13      EV:  8    Int:  3    God:
Gold:   71         SH:  7    Dex:  8    Spells: 4/4 levels left

rFire   . . .      SeeInvis .    a - +0 war axe
rCold   . . .      Faith    .    c - +0 kite shield
rNeg    . . .      Spirit   .    b - +0 robe
rPois   .          Reflect  .    (helmet restricted)
rElec   +          Harm     .    (no cloak)
rCorr   .          Rampage  .    (gloves unavailable)
Will    .....                    (boots unavailable)
Stlth   +.........               (no amulet)
HPRegen 1.08/turn                A - ring of magical power
MPRegen 0.13/turn                (no ring)

@: no status effects
A: large, unfitting armour, claws 3, regeneration 1, shaggy fur 1, tough skin 1,
electricity resistance, strong 1
a: no special abilities


You were on level 2 of the Dungeon.
You visited 1 branch of the dungeon, and saw 2 of its levels.

You collected 71 gold pieces.

Inventory:

Hand Weapons
 a - a +0 war axe (weapon)
 g - a +0 dagger
 i - a +0 dagger
 j - a +0 dagger
 k - a +0 dagger
 m - a +0 dagger
 n - a +0 short sword
 o - a +0 dagger
 t - a +0 short sword
 u - a +0 club
 z - a +0 club
 B - a +0 hand axe
 D - a +0 war axe
Missiles
 q - 13 stones (quivered)
 s - 2 poisoned darts
Armour
 b - a +0 robe (worn)
 c - a +0 kite shield (worn)
 f - a +0 plate armour
 h - a +0 robe
 v - a +0 robe
 C - a +0 chain mail
Magical Staves
 x - a staff of death
Jewellery
 A - a ring of magical power (left claw)
Scrolls
 e - 5 scrolls of identify {unknown}
 l - a scroll of vulnerability {unknown}
 r - a scroll of immolation {unknown}
 y - a scroll of teleportation {unknown}
 E - a scroll of butterflies {unknown}
Potions
 d - 2 potions of might
 p - a potion of mutation
 w - a potion of curing {unknown}


   Skills:
 + Level 3.0 Fighting
 + Level 2.9 Axes
 + Level 3.0 Dodging
 + Level 0.4 Stealth
 + Level 3.2 Shields


You had 4 spell levels left.
You didn't know any spells.
Your spell library was empty.

Dungeon Overview and Level Annotations

Branches:
Dungeon (2/15)

Altars:

Annotations:
D:2 Sigmund


Innate Abilities, Weirdness & Mutations

You are too large for most types of armour.
You have claws for hands.
Your natural rate of healing is unusually fast.
You are covered in fur. (AC +1)
You have tough skin. (AC +1)
You are resistant to electric shocks. (rElec)
Your muscles are strong. (Str +4, Int/Dex -1)


Message History

You miss the frilled lizard.
The frilled lizard is heavily wounded.
The frilled lizard bites you. Something hits you but does no damage.
The frilled lizard bites you but does no damage.
You miss the frilled lizard.
The frilled lizard is heavily wounded.
Something hits you. The frilled lizard barely misses you.
You slash the frilled lizard!
You kill the frilled lizard!
Something hits you!
* * * LOW HITPOINT WARNING * * *
The ball python bites you.
* * * LOW HITPOINT WARNING * * *
You block something's attack. You block the ball python's attack.
The ball python attacks as you move away!
The ball python closely misses you.
The ball python attacks as you move away!
The ball python bites you but does no damage.
The ball python bites you.
You barely miss the ball python. You block the ball python's attack.
Something hits you!
* * * LOW HITPOINT WARNING * * *
The ball python bites you but does no damage.
You barely miss the ball python. The ball python closely misses you.
Something hits you.
* * * LOW HITPOINT WARNING * * *
The ball python attacks as you move away!
The ball python bites you but does no damage.
You block the ball python's attack.
You slash the ball python!
You kill the ball python!
You hear some strange, mumbled words.
A puff of flame appears from out of thin air!
The puff of flame hits you!
* * * LOW HITPOINT WARNING * * *
It was a potion of mutation.
You feel extremely strange.
You feel clumsy.
You feel insulated.
You feel stronger.
You feel agile. Something hits you.
You die...

#..#.##.## #.#
#.#.##
#..#.#...###.# #.#.#
#..#......##.# #...#
#..###...###.###.#.#
#..# ##.###...##.#.#
#..# #...)......#.#
#††# #####...##{#.#
#.<# ##.###.#.# #†.#
#.# #@#.#
#..#########.# #.#.#
#............###.#.#
...................#
.###########.#######
.# #.# .####### #.#
........ ..#
.####### #.#


There were no monsters in sight!

Vanquished Creatures
  Terence (D:2)
  Natasha (twice) (D:2)
  An adder (D:2)
  3 dart slugs
  10 endoplasms
  A giant cockroach (D:1)
  8 goblins
  5 hobgoblins
  3 jackals (D:2)
  A kobold (D:1)
  A quokka (D:2)
  8 ball pythons
  3 bats (D:1)
  5 frilled lizards
  4 rats (D:1)
56 creatures vanquished.

Notes
Turn   | Place    | Note
-------+----------+-------------------------------------------
     0 | D:1      | tharic99 the Troll Fighter began the quest for the Orb.
     0 | D:1      | Reached XP level 1. HP: 22/22 MP: 0/0
   114 | D:1      | Reached XP level 2. HP: 29/29 MP: 1/1
   412 | D:1      | Reached XP level 3. HP: 32/36 MP: 2/2
  1118 | D:2      | Found a faded altar of an unknown god.
  1270 | D:2      | Noticed Terence
  1279 | D:2      | Killed Terence
  1280 | D:2      | Reached XP level 4. HP: 44/44 MP: 3/3
  1393 | D:2      | Noticed Natasha
  1412 | D:2      | Killed Natasha
  1413 | D:2      | Noticed Natasha
  1427 | D:2      | HP: 2/44 [iron imp[Natasha] (2)]
  1428 | D:2      | Killed Natasha
  1429 | D:2      | Reached XP level 5. HP: 6/53 MP: 4/4
  1534 | D:2      | Noticed Sigmund
  1567 | D:2      | HP: 2/53 [something/puff of flame (9)]
  1568 | D:2      | Gained mutation: You are clumsy. (Dex -2) [potion of
                  | mutation]
  1568 | D:2      | Gained mutation: You are resistant to electric shocks.
                  | (rElec) [potion of mutation]
  1568 | D:2      | Gained mutation: Your muscles are strong. (Str +4, Int/Dex
                  | -1) [potion of mutation]
  1568 | D:2      | Lost mutation: You are clumsy. (Dex -2) [potion of
                  | mutation]
  1568 | D:2      | Slain by Sigmund

Illustrated notes

Levels and vault maps discovered:
D:1:      minmay_arrival_loop, layout_basic, minmay_unequal
D:2:      layout_loops_ring, dreamdust_ecumenical_altar_statues,
          minmay_misc_feat_roman, kennysheep_generic_room_15, uniq_natasha,
          uniq_sigmund, uniq_terence

Skill      XL: |  1  2  3  4 |
---------------+-------------+-----
Shields        | 3 |  3.2
Axes           | 2 |  2.9
Dodging        | 3 |  3.0
Fighting       | 3 |  3.0
Stealth        | |  0.4

Action                   |  1- 3 |  4- 6 || total
-------------------------+-------+-------++-------
Melee: War axe           |   108 |    42 ||   150
  Use: Potion            |       |     1 ||     1
Armor: Robe              |    39 |    25 ||    64
Dodge: Dodged            |    40 |    21 ||    61
Block: Kite shield       |    53 |    31 ||    84

Table legend: (Time is in decaauts)
 A = Elapsed time spent in this place.
 B = Non-inter-level travel time spent in this place.
 C = Inter-level travel time spent in this place.
 D = Time resting spent in this place.
 E = Time spent auto-exploring this place.
 F = Levels seen in this place.
 G = Mean time per level.
                   A        B        C        D        E       F      G
               +--------+--------+--------+--------+--------+-----+--------+
         Total |   1654 |   1654 |      0 |      0 |    461 |   2 |  827.0 |
       Dungeon |   1654 |   1654 |      0 |      0 |    461 |   2 |  827.0 |
               +--------+--------+--------+--------+--------+-----+--------+

Top non-repeatable levels by time:
     D:1: 1161 daAuts
     D:2: 492 daAuts
